 Dungeon Crawl Stone Soup version 0.29.1-12-g30fa7ad0bf (webtiles) character file.

Game seed: 15059964610224901437

191 kingofthe the Magician (level 5, -3/28 HPs)
             Began as a Deep Elf Venom Mage on Jan 16, 2023.
             Was an Initiate of Sif Muna.
             Slain by a gnoll
             ... wielding a +2 spear of freezing
              (4 damage)
             ... on level 4 of the Dungeon.
             The game lasted 00:13:26 (3667 turns).

kingofthe the Magician (Deep Elf Venom Mage)        Turns: 3667, Time: 00:13:26

Health: -3/28      AC:  7    Str:  9    XL:     5   Next: 42%
Magic:  13/13      EV: 13    Int: 20    God:    Sif Muna [......]
Gold:   185        SH:  0    Dex: 17    Spells: 6/12 levels left

rFire   . . .      SeeInvis .   a - +3 whip (pain)
rCold   . . .      Faith    .   (no shield)
rNeg    . . .      Spirit   .   v - +2 leather armour "Ossorol" {rPois Str+4 Slay+2}
rPois   +          Reflect  .   (no helmet)
rElec   .          Harm     .   x - +0 cloak
rCorr   .          Rampage  .   (no gloves)
Will    .....                   e - +0 pair of boots
Stlth   ++........              j - amulet of magic regeneration
HPRegen 0.09/turn               y - ring of wizardry
MPRegen 0.53/turn               (no ring)

@: no status effects
A: no striking features
a: Renounce Religion


You were on level 4 of the Dungeon.
You worshipped Sif Muna.
Sif Muna was noncommittal.
You visited 2 branches of the dungeon, and saw 6 of its levels.

You collected 185 gold pieces.

Inventory:

Hand Weapons
 a - a +3 whip of pain (weapon)
 b - a +1 mace of protection
Armour
 e - a +0 pair of boots (worn)
 v - the +2 leather armour "Ossorol" (worn) {rPois Str+4 Slay+2}
   (You found it on level 4 of the Dungeon)

   Str:       It affects your strength (+4).
   Slay:      It affects your accuracy & damage with ranged weapons and melee
   (+2).
   rPois:     It protects you from poison.
 x - a +0 cloak (worn)
Magical Staves
 i - a staff of fire
Jewellery
 d - an amulet of regeneration
 j - an amulet of magic regeneration (around neck)
 n - a ring of fire
 y - a ring of wizardry (left hand)
Scrolls
 c - a scroll of butterflies
 m - a scroll of noise
 p - a scroll of amnesia
 q - 2 scrolls of identify
Potions
 k - 2 potions of flight
 o - a potion of brilliance {unknown}
 r - 2 potions of curing {unknown}
 t - a potion of magic
 u - a potion of might {unknown}
 w - a potion of mutation {unknown}
 z - a potion of degeneration {unknown}


   Skills:
 + Level 4.2 Dodging
 - Level 3.5 Stealth
 + Level 4.4 Spellcasting
 - Level 1.1 Transmutations
 + Level 1.5 Air Magic
 + Level 4.3 Poison Magic


You had 6 spell levels left.
You knew the following spells:

 Your Spells              Type           Power      Damage    Failure   Level
a - Sting                 Tmut/Pois      60%        1d6       2%          1
b - Poisonous Vapours     Pois/Air       32%        N/A       3%          2
c - Mephitic Cloud        Conj/Pois/Air  12%        N/A       10%         3

Your spell library contained the following spells:

 Spells                   Type           Power      Damage    Failure   Level
 Passwall                 Tmut/Erth      5%         N/A       9%          2
 Ensorcelled Hibernation  Hex/Ice        8%         N/A       11%         2
 Swiftness                Air            10%        N/A       11%         3
 Olgreb's Toxic Radiance  Pois           21%        N/A       12%         4
 Gell's Gravitas          Tloc           4%         N/A       21%         3
 Lesser Beckoning         Tloc           4%         N/A       21%         3
 Teleport Other           Tloc           4%         N/A       21%         3


Dungeon Overview and Level Annotations

Branches:
Dungeon (5/15)             Temple (1/1) D:4

Altars:
Elyvilon
Fedhas
Kikubaaqudgha
Ru
Sif Muna
Uskayaw
Vehumet
Wu Jian
Xom
Zin

Annotations:
D:4 1 runed translucent door, exclusion: door, Crazy Yiuf


Message History

Okay, then.
As you read the scroll labelled NUDYITR HOUFYD, it crumbles to dust.
Your body is wracked with pain!
Your hound convulses!
Your jackal convulses! x3; Your iguana convulses!
Your endoplasm convulses!
Your jackal convulses!
It was a scroll of torment.
You start resting.
Your butterfly disappears in a burst of colours! x2
Your jackal dissolves into shadows!
Your butterfly disappears in a burst of colours!
Your jackal dissolves into shadows!
Your butterfly disappears in a burst of colours! x3
Your jackal dissolves into shadows!
Your butterfly disappears in a burst of colours! x4
Your iguana dissolves into shadows!
Your butterfly disappears in a burst of colours!
Your hound dissolves into shadows!
Your jackal dissolves into shadows!
Your endoplasm dissolves into shadows!
HP restored.
Partly explored, can't reach some places.
As you read the scroll labelled RUEJOXY QOMECO, it crumbles to dust.
You feel aware of your surroundings.
It was a scroll of magic mapping.
As you read the scroll labelled EVYJIMPURGH, it crumbles to dust.
It is a scroll of enchant weapon.
Your +2 whip of pain glows red for a moment.
There is a stone staircase leading down, spattered with blood here.
You climb downwards.
The gnoll completely misses you.
The gnoll shouts! x2
There is a stone staircase leading up here.
The gnoll hits you with a +0 halberd! The gnoll misses you. x2
You climb upwards.
Level annotation: 1 runed translucent door, exclusion: door, Crazy Yiuf
There is a stone staircase leading down, spattered with blood here.
As you read the scroll of butterflies, it crumbles to dust.
You hear the tinkle of a tiny bell.
The gnoll hits you with a +0 halberd!
The gnoll hits you with a +2 spear of freezing!
* * * LOW HITPOINT WARNING * * *
The gnoll freezes you.
You die...

#.#.<.#######..# #.....
#.#.#.......#..###### #.....
#....######.........# #.....
#..#.# ###....####.# ###.....
#..#.# ##......# #.###.......
#....# #..#....# #.....#.....
#....###.##bb.b# #..####.>...
###...##.##bgbb####...###.#...
#......##bb@b##.......#.#...
#....####bgbgb..#####.#.#...
######.#..####bb##b#######...#...
............##.#...#...........##
##..........##.......######..#.##
#................#### #.##..#
#.............############.###..
#............## ##..........####
#...........## ##............##


You could see 3 gnolls.

Vanquished Creatures
  An ogre (D:4)
  A hound (D:4)
  An adder (D:2)
  An ufetubus (D:5)
  A worm (D:3)
  A dart slug (D:1)
  3 orcs
  A ball python (D:3)
  6 bats
  7 endoplasms
  5 giant cockroaches
  6 goblins
  6 hobgoblins
  A quokka (D:2)
  2 frilled lizards
  6 kobolds
  5 rats
54 creatures vanquished.

Vanquished Creatures (others)
  2 fungi (D:4)
2 creatures vanquished.

Grand Total: 56 creatures vanquished

Notes
Turn   | Place    | Note
-------+----------+-------------------------------------------
     0 | D:1      | kingofthe the Deep Elf Venom Mage began the quest for the
                  | Orb.
     0 | D:1      | Reached XP level 1. HP: 10/10 MP: 6/6
   226 | D:1      | Reached XP level 2. HP: 15/15 MP: 5/8
   260 | D:1      | Learned a level 2 spell: Poisonous Vapours
  1072 | D:2      | Found a faded altar of an unknown god.
  1376 | D:2      | Reached XP level 3. HP: 19/19 MP: 7/9
  2461 | D:4      | Identified the +2 leather armour "Ossorol" {rPois Str+4
                  | Slay+2}
  2486 | D:4      | Reached XP level 4. HP: 24/24 MP: 8/11
  2537 | D:4      | Found a sacrificial altar of Ru.
  2602 | D:4      | Noticed an ogre
  2638 | D:4      | Killed an ogre
  2639 | D:4      | Reached skill level 1 in Air Magic
  2639 | D:4      | Reached XP level 5. HP: 28/28 MP: 7/13
  2836 | D:4      | Found a staircase to the Ecumenical Temple.
  2848 | D:4      | Learned a level 3 spell: Mephitic Cloud
  2856 | Temple   | Entered the Ecumenical Temple
  3047 | Temple   | Became a worshipper of Sif Muna the Loreminder
  3174 | D:4      | Found a runed translucent door.
  3175 | D:4      | Noticed Crazy Yiuf
  3217 | D:5      | Entered Level 5 of the Dungeon
  3667 | D:4      | HP: 1/28 [gnoll/+2 spear of freezing (8)]
  3667 | D:4      | Slain by a gnoll

Illustrated notes

Levels and vault maps discovered:
D:1:      dpeg_arrival_renting, layout_basic
D:2:      layout_loops_ring, basic_ecumenical_altar
D:3:      layout_basic, minmay_misc_feat_plants
D:4:      layout_rooms, mainiacjoe_overflow_six_doors_small,
          minmay_temple_entry_offerings, uniq_crazy_yiuf_cottage
D:5:      layout_rooms, kennysheep_little_box, small_statue_intersection,
          dk_vineyard_2, corexii_shack
Temple:   nicolae_temple_bog_church

Skill      XL: |  1  2  3  4 |
---------------+-------------+-----
Stealth        | 3 |  3.5
Dodging        | 3 4 |  4.2
Spellcasting   | 4 |  4.4
Air Magic      | 1 |  1.5
Poison Magic   | 4 |  4.3
Transmutations | |  1.1

Action                   |  1- 3 |  4- 6 || total
-------------------------+-------+-------++-------
Melee: Whip              |     2 |     3 ||     5
 Cast: Sting             |    98 |    16 ||   114
       Poisonous Vapours |     9 |     8 ||    17
  Use: Scroll            |       |    10 ||    10
Armor: Robe              |    11 |       ||    11
       Leather armour    |       |     2 ||     2
Dodge: Dodged            |    15 |    16 ||    31
